 Dungeon Crawl Stone Soup version 0.21.1-1-g345015f (webtiles) character file.

37 Opti87 the Grasshopper (level 3, 0/45 HPs)
             Began as a Draconian Warper on May 22, 2018.
             Slain by Terence
             ... wielding a +3 flail of crushing
              (4 damage)
             ... on level 2 of the Dungeon.
             The game lasted 00:05:49 (1347 turns).

Opti87 the Grasshopper (Draconian Warper)           Turns: 1347, Time: 00:05:50

Health: 0/45       AC: 21    Str: 12 (13) XL:     3   Next: 23%
Magic:  4/6        EV:  2    Int: 12 (14) God:
Gold:   74         SH:  0    Dex: 13 (15) Spells: 2/6 levels left

rFire    . . .     SeeInvis .   a - +0 spear
rCold    . . .     Gourm    .   (no shield)
rNeg     + + +     Faith    .   (armour unavailable)
rPois    +         Spirit   .   (helmet currently unavailable)
rElec    .         Reflect  .   (cloak currently unavailable)
rCorr    .         Harm     .   (gloves currently unavailable)
MR       .....     NoTele   +   (boots currently unavailable)
Stlth    ++........             (no amulet)
HPRegen  0.15/turn              (no ring)
MPRegen  0.10/turn              (no ring)

@: agile, tree-form
A: unfitting armour, AC +5
a: no special abilities


You were on level 2 of the Dungeon.
You were hungry.
You were a tree.
You visited 1 branch of the dungeon, and saw 2 of its levels.

You collected 74 gold pieces.

Inventory:

Hand Weapons
 a - a +0 spear (weapon)
Missiles
 d - 5 tomahawks of dispersal (quivered)
 j - 11 tomahawks
Armour
 n - a +0 pair of boots (melded)
Jewellery
 g - an uncursed amulet of faith {unknown}
Scrolls
 c - 2 scrolls of blinking
 i - 3 scrolls of identify {unknown}
 k - a scroll of remove curse {unknown}
 m - 2 scrolls of immolation {unknown}
Potions
 h - 2 potions of degeneration
 l - a potion of brilliance {unknown}
 o - a potion of agility
Books
 b - a book of Spatial Translocations

   Spells                             Type                      Level
   a - Blink                          Translocation                2
   b - Shroud of Golubria             Charms/Translocation         2
   c - Lesser Beckoning               Translocation                3
   d - Gell's Gravitas                Translocation                3
   e - Teleport Other                 Translocation                3
   f - Passage of Golubria            Translocation                4
Comestibles
 f - 7 rations


   Skills:
 + Level 2.9 Fighting
 + Level 2.5 Polearms
 - Level 0.8 Throwing
 - Level 2.1 Dodging
 + Level 2.4 Spellcasting
 + Level 3.2 Translocations


You had 2 spell levels left.
You knew the following spells:

 Your Spells              Type           Power        Failure   Level  Hunger
a - Blink                 Tloc           N/A          11%         2    ###....
b - Shroud of Golubria    Chrm/Tloc      #.........   21%         2    ###....


Dungeon Overview and Level Annotations

Branches:
Dungeon (2/15)

Altars:

Annotations:
D:2 Terence


Innate Abilities, Weirdness & Mutations

((Your plain brown scales are hard. (AC +5)))
You cannot fit into any form of body armour.
((You are cold-blooded and may be slowed by cold attacks.))


Message History

Terence hits you but does no damage.
You closely miss Terence.
Terence is moderately wounded.
Terence shouts, "ATTACK!!!"
Terence hits you but does no damage.
You hit Terence but do no damage.
Terence is moderately wounded.
You barely miss Terence.
Terence is moderately wounded.
Terence hits you but does no damage.
You hit Terence but do no damage.
Terence is moderately wounded.
Terence hits you but does no damage.
You hit Terence but do no damage.
Terence is moderately wounded.
Terence hits you but does no damage.
You hit Terence.
Terence is moderately wounded.
Terence hits you with a flail of crushing.
You die...

### ##### ## #.. ...# # #.#
##.###### # #.#.##.......###
#.#.......##.##.
#.####..#.##.#.. #.# #..#.##.##.
#################.####..#.##.###
..........)...@♣................
######################.#####.###
#.# #.# # #.. ..# #### ####


You could see Terence.

Vanquished Creatures
  An ooze (D:2)
  3 dart slugs
  3 giant cockroaches (D:1)
  A goblin (D:1)
  6 hobgoblins
  A quokka (D:2)
  3 bats
  4 frilled lizards
  A kobold (D:1)
  4 rats (D:2)
27 creatures vanquished.

Notes
Turn   | Place    | Note
-------+----------+-------------------------------------------
     0 | D:1      | Opti87 the Draconian Warper began the quest for the Orb.
     0 | D:1      | Reached XP level 1. HP: 17/17 MP: 3/3
   344 | D:1      | Reached XP level 2. HP: 25/25 MP: 5/5
   348 | D:1      | Learned a level 2 spell: Blink
   351 | D:1      | Learned a level 2 spell: Shroud of Golubria
  1076 | D:2      | Reached XP level 3. HP: 13/30 MP: 6/6
  1243 | D:2      | Found a faded altar of an unknown god.
  1313 | D:2      | Noticed Terence
  1347 | D:2      | Slain by Terence

Action                   || total
-------------------------++-------
Melee: Spear             ||   107
       Tailslap          ||    13
 Cast: Blink             ||     1
       Shroud of Golubri ||     1
  Use: Potion            ||     3
 Stab: Sleeping          ||     1
  Eat: Chunk             ||     1
Armor: Skin              ||    26
Dodge: Dodged            ||    45
